Map: Tokamak LE

Players

Zoun - Winner!

  • Race: Protoss Protoss
  • League: Master
  • Spawn Location: 1:00

Geralt (Gerald)

  • Race: Protoss Protoss
  • League: Grandmaster
  • Spawn Location: 7:00

Event: HomeStory Cup XXVII

VOD

Have the link to the VOD?

Description

Time

  • Played on: June 28, 2025, 7:50 a.m.
  • Length: 5:46

All games in this series

Show
View Real Time Build Order
Export as new Build Order

Zoun Protoss - Winner!

Build Orders:  

Get SALT Encoding   

  12  0:00  Probe  
  13  0:12  Probe  
  14  0:16  Pylon  
  14  0:23  Probe  
  15  0:31  Probe  
  15  0:36  Gateway  
  15  0:40  Probe  
  16  0:45  Assimilator  
  17  0:50  Probe  
  17  0:53  Assimilator  
  18  0:59  Probe  
  19  1:07  Gateway, Probe  
  19  1:17  Probe  
  20  1:23  Cybernetics Core  
  21  1:29  Probe  
  22  1:33  Pylon  
  22  1:41  Probe  
  23  1:53  Probe  
  24  1:59  Robotics Facility  
  24  2:01  Adept  
  26  2:03  Adept  
  26  2:07  Warp Gate  
  28  2:16  Pylon  
  28  2:36  Immortal  
  28  2:37  Stalker x2  
  35  2:58  Pylon  
  35  3:06  Warp Prism  
  37  3:23  Gateway  
  37  3:42  Observer  
  37  3:47  Shield Battery  
  38  3:56  Stalker x2  
  38  4:00  Immortal  
  46  4:07  Pylon  
  46  4:25  Sentry  
  46  4:26  Adept x2  
  52  4:51  Stalker  
  52  4:52  Stalker  
  54  5:04  Pylon  
  54  5:26  Adept x3  
Show
View Real Time Build Order
Export as new Build Order

Geralt Protoss 

Build Orders:  

Get SALT Encoding   

  12  0:00  Probe  
  13  0:12  Probe  
  14  0:17  Pylon  
  14  0:23  Probe  
  15  0:31  Probe  
  16  0:37  Gateway  
  16  0:39  Probe  
  16  0:46  Assimilator  
  17  0:51  Probe  
  17  0:54  Assimilator  
  18  0:59  Probe  
  19  1:07  Probe  
  19  1:08  Gateway  
  19  1:17  Probe  
  20  1:24  Cybernetics Core  
  21  1:30  Probe  
  22  1:37  Pylon  
  22  1:42  Probe  
  23  1:55  Probe  
  23  1:57  Stalker x2  
  28  2:06  Warp Gate  
  28  2:07  Probe  
  29  2:11  Pylon  
  29  2:16  Pylon  
  29  2:20  Probe  
  30  2:32  Probe  
  31  2:39  Stalker  
  31  2:42  Shield Battery  
  33  2:44  Probe  
  33  2:48  Stalker  
  35  3:02  Shield Battery  
  35  3:19  Nexus  
  34  3:20  Probe  
  34  3:22  Sentry  
  37  3:32  Probe  
  36  3:39  Sentry  
  36  3:43  Robotics Facility  
  36  3:52  Pylon  
  36  3:56  Gateway  
  36  4:11  Pylon  
  37  4:17  Stalker  
  37  4:21  Gateway, Pylon  
  37  4:23  Shield Battery  
  38  4:29  Observer  
  39  4:36  Immortal  
  37  4:43  Stalker  
  39  4:53  Stalker  
  23  5:16  Sentry, Stalker  
Tags
 
Add a new tag
Caveats
  • Supply blocks, unpowered buildings, or Contaminate may cause inaccurate times.
  • Supply counts are checked every 10 seconds.